[Event "*** SCC Grand Prix: Titled Tuesday Blitz"]
[Site "Chess.com"]
[Date "2020.06.02"]
[Round "3"]
[White "DvaHrasta"]
[Black "Harsha_Bharathakoti"]
[Result "0-1"]
[WhiteElo "2481"]
[BlackElo "2729"]
[TimeControl "180+1"]
[EndTime "10:29:36 PDT"]
[Termination "Harsha_Bharathakoti won on time"]

1. c4 e6 2. g3 d5 3. Bg2 Nf6 4. Nf3 d4 5. O-O c5 6. e3 Nc6 7. exd4 cxd4 8. d3 Bd6 9. Re1 O-O 10. a3 a5 11. b3 h6 12. Bb2 e5 13. c5 Bc7 14.
Nbd2 Bf5 15. Nc4 Nd7 16. Nd6 Bxd6 17. cxd6 Qb8 18. Nh4 Bh7 19. Bh3 Qxd6 20. Nf5 Qe6 21. Nxh6+ Qxh6 22. Bxd7 f6 23. Be6+ Kh8 24. Bd5 Rfe8 25.
Rc1 Rad8 26. Qf3 Qg6 27. Be4 Qf7 28. Bxh7 Kxh7 29. Rc4 Qd5 30. Qh5+ Kg8 31. Re4 Qf7 32. Qh3 Qe6 33. Qh5 Qf7 34. Qh3 Qd7 35. Qh5 Ne7 36. Rg4 Qf5 37. Qh3 Qxd3 38. Rc1 Qf5 39. Rd1 Rc8 40.
Qh4 Rc2 41. Rf1 Rxb2 42. f4 Qc2 43. Qh3 e4 44. Rh4 Ng6 45. Rg4 e3 46. Rxg6 Qxg6 47.
Qd7 Qe4 0-1

[Event "*** SCC Grand Prix: Titled Tuesday Blitz"]
[Site "Chess.com"]
[Date "2020.06.02"]
[Round "3"]
[White "marianokar"]
[Black "kushagramohan"]
[Result "0-1"]
[WhiteElo "2410"]
[BlackElo "2648"]
[TimeControl "180+1"]
[EndTime "10:29:36 PDT"]
[Termination "kushagramohan won by resignation"]

1. e4 d6 2. d4 Nf6 3. Nc3 g6 4. Bg5 c6 5. f4 Nbd7 6. Nf3 Bg7 7. Bd3 b5 8. e5 Ng4 9. h3 b4 10. Ne4 Ne3 11. Qd2 Nd5 12. Nxd6+ Kf8 13. Ne4 N7b6 14. O-O-O a5 15. g4 a4 16. Nc5 a3 17. c4 axb2+ 18.
Kxb2 Nc3 19. Ra1 Be6 20. Nxe6+ fxe6 21. f5 exf5 22. gxf5 h6 23. fxg6 hxg5 24. Nxg5 Qd7 25. Qf4+ Ke8 26. Qf7+ Kd8 27. Bf5 Nxc4+ 28. Kc2 Nxe5 29.
dxe5 Qa7 30. Ne6+ Kc8 31. Nxg7+ Kb8 32. Qc4 Rd8 33. Qxb4+ Nb5 34. a4 Qf2+ 35. Kb3 Qe3+ 36. Kb2 Rd2+ 37. Bc2 Rd4 38. Qb3 Qxe5 39. Ka2 Rdxa4+ 40. Qxa4 Nc3+ 41. Kb3 Nxa4 42. Rxa4 Rxa4 43. Kxa4 Qxg7 44.
Kb3 e5 45. h4 Kc7 46. h5 Qh6 47. Rg1 Qe3+ 48. Kb2 Qxg1 49. g7 Qxg7 0-1

[Event "*** SCC Grand Prix: Titled Tuesday Blitz"]
[Site "Chess.com"]
[Date "2020.06.02"]
[Round "3"]
[White "hectorfiori"]
[Black "Efremov_Vlad"]
[Result "1-0"]
[WhiteElo "2385"]
[BlackElo "2156"]
[TimeControl "180+1"]
[EndTime "10:29:36 PDT"]
[Termination "hectorfiori won on time"]

1. e4 c5 2. Nf3 e6 3. d4 cxd4 4. Nxd4 Nc6 5. Nc3 Qc7 6. Ndb5 Qb8 7. Be3 a6 8. Bb6 axb5 9. Nxb5 Bb4+ 10. c3 Ba5 11. Nc7+ Qxc7 12. Bxc7 Bxc7 13. Qg4 Kf8 14. Bb5 Nf6 15. Qe2 g6 16. a4 b6 17. O-O Kg7 18. f4 Bb7 19. b4 d5 20. e5 Ne4 21. Rac1 Ne7 22. c4 Ra7 23. cxd5 Bxd5 24.
Bd3 f5 25. exf6+ Nxf6 26. Bc4 Bd6 27. Bxd5 exd5 28. Qe6 Ne4 29. Rfe1 Bxb4 30. Rxe4 dxe4 31. Qxe4 Bc5+ 32. Kh1 Rd8 33. Qe5+ Kg8 34. h4 Rad7 35. Kh2 Nf5 36. Qe6+ Kh8 37. Qf6+ Kg8 38. h5 Be3 39. Rf1 Rd4 40. h6 Bxf4+ 41. Kh3 Bd6 42. Qe6+ Kh8 43.
Qf6+ Kg8 44. Rxf5 Rd3+ 45. Rf3 Rxf3+ 46. gxf3 Rd7 47. Qe6+ Kf8 48. Qxd7 1-0

[Event "*** SCC Grand Prix: Titled Tuesday Blitz"]
[Site "Chess.com"]
[Date "2020.06.02"]
[Round "3"]
[White "swisspower96"]
[Black "Anton_Demchenko"]
[Result "1-0"]
[WhiteElo "2568"]
[BlackElo "2829"]
[TimeControl "180+1"]
[EndTime "10:29:37 PDT"]
[Termination "swisspower96 won by resignation"]

1. d4 Nf6 2. c4 d6 3. Nc3 e5 4. Nf3 Nc6 5. dxe5 dxe5 6. Qxd8+ Kxd8 7. g3 Be6 8. Ng5 Bxc4 9. b3 Be6 10. Nxe6+ fxe6 11. Bb2 Bd6 12. Bg2 Ke7 13. e3 Nb4 14. Ke2 Nbd5 15.
Nb5 a6 16. Nxd6 cxd6 17. Rac1 Rac8 18. e4 Nb4 19. a3 Nc6 20. Kd3 Rhd8 21. f4 d5 22. fxe5 Nxe4 23. Rhf1 Ng5 24. h4 Nf7 25.
Rce1 Na5 26. b4 Nc4 27. Bd4 b6 28. a4 Rd7 29. Rf4 Rb7 30. Bh3 Nd8 31. Ref1 Rbc7 32. Rg4 Ke8 33. Rgf4 Kd7 34. Rf8 Kc6 35.
Rb1 Kb7 36. b5 axb5 37. axb5 Ra8 38. Rb3 Na5 39. Rc3 Rxc3+ 40. Bxc3 Nc4 41. Re8 Rc8 42. Bxe6 Nxe6 43. Rxe6 Rc7 44. Re8 Na3 45. e6 Nxb5 46. Be5 Rc1 47. e7 Rd1+ 48. Kc2 Re1 49. Rb8+ Ka6 50.
e8=Q Nd4+ 51. Bxd4 Rxe8 52. Rxe8 1-0

[Event "*** SCC Grand Prix: Titled Tuesday Blitz"]
[Site "Chess.com"]
[Date "2020.06.02"]
[Round "3"]
[White "Abund"]
[Black "chessfrendz"]
[Result "1/2-1/2"]
[WhiteElo "2607"]
[BlackElo "2407"]
[TimeControl "180+1"]
[EndTime "10:29:37 PDT"]
[Termination "Game drawn by repetition"]

1. d4 d5 2. c4 c6 3. Nc3 Nf6 4. e3 e6 5. Nf3 Nbd7 6. Qc2 Bb4 7. Bd3 O-O 8. O-O dxc4 9. Bxc4 Qe7 10. e4 e5 11. Re1 exd4 12. Nxd4 Ne5 13. Bf1 Rd8 14. a3 Rxd4 15. axb4 Rxb4 16. Bg5 h6 17. Bh4 Be6 18. f4 Ng6 19. Bxf6 Qxf6 20. f5 Bb3 21. Qf2 Ne5 22.
Rxa7 Rxa7 23. Qxa7 Qd6 24. h3 Kh7 25. Kh1 c5 26.
Qa1 Qd2 27. Qc1 Qf2 28. Re2 Qh4 29. Qe3 b6 30. Rd2 Bc4 31. g3 Qe7 32. Bg2 Qa7 33. Kh2 Qa1 34. f6 gxf6 35. Qf2 Kg7 36. Rd6 Be6 37. Nd5 Rxb2 38. Qxf6+ Kh7 39. Rxe6 Rxg2+ 40. Kxg2 Qb2+ 41. Kg1 Qc1+ 42. Kg2 Qc2+ 43. Kg1 Qc1+ 44.
Kg2 Qc2+ 45. Kg1 Qc1+ 1/2-1/2

[Event "*** SCC Grand Prix: Titled Tuesday Blitz"]
[Site "Chess.com"]
[Date "2020.06.02"]
[Round "3"]
[White "GMartin_Petrov"]
[Black "Gerodot71"]
[Result "1-0"]
[WhiteElo "2565"]
[BlackElo "2358"]
[TimeControl "180+1"]
[EndTime "10:29:37 PDT"]
[Termination "GMartin_Petrov won by resignation"]

1. e4 e5 2. Nf3 Nc6 3. Bc4 Nf6 4. Ng5 d5 5. exd5 Na5 6. Bb5+ c6 7. dxc6 bxc6 8. Bd3 h6 9. Ne4 Nxe4 10. Bxe4 Bc5 11.
O-O O-O 12. d3 f5 13. Bf3 Qf6 14. c3 Bb6 15. Nd2 Ba6 16. b4 Nb7 17. Nc4 Bc7 18.
Qb3 Kh8 19. a4 e4 20. Be2 Rab8 21. Be3 exd3 22. Bxd3 Nd6 23. Rad1 Ne4 24. Bd4 Qh4 25. Ne5 Bxe5 26. Bxe5 Bxd3 27. Rxd3 Nc5 28. Qc2 Nxd3 29. Bxb8 Nxb4 30. cxb4 Rxb8 31. Qxf5 Qxb4 32. a5 c5 33. a6 c4 34. h3 Qb6 35. Rd1 Qxa6 36. Rd7 Qf6 37.
Qe4 Rf8 38. f3 c3 39. Kh1 Qb6 40. Qe5 Qf6 41. Qc5 Re8 42. Qc4 Re1+ 43. Kh2 Re8 44. Rf7 Qe5+ 45. f4 Qe4 46. Rf8+ Kh7 47. Qg8+ Kg6 48.
Qf7+ Kh7 49. Rxe8 Qc6 50. Qg8+ Kg6 51. Re6+ 1-0

[Event "*** SCC Grand Prix: Titled Tuesday Blitz"]
[Site "Chess.com"]
[Date "2020.06.02"]
[Round "3"]
[White "Artem_Koval"]
[Black "kinga2008"]
[Result "1-0"]
[WhiteElo "2404"]
[BlackElo "2161"]
[TimeControl "180+1"]
[EndTime "10:29:37 PDT"]
[Termination "Artem_Koval won by resignation"]

1. e4 c5 2. Nf3 d6 3. d4 cxd4 4. Nxd4 Nf6 5. Nc3 g6 6. f4 Bg7 7. e5 Ng4 8. Bb5+ Kf8 9. h3 Nh6 10. O-O Bd7 11. Be3 Nc6 12. Qd2 Nxd4 13. Bxd4 Nf5 14. Bf2 dxe5 15. Qxd7 Qxd7 16. Bxd7 exf4 17. Bxf5 gxf5 18. Bc5 Bh6 19. Rae1 Re8 20. Nd5 Bg5 21. Re5 Kg7 22. Rxf5 h6 23. Nxf4 e6 24. Bd4+ Kg8 25.
Rxg5+ hxg5 26. Bxh8 Kxh8 27. Nd3 f5 28. Ne5 Kg7 29. Rd1 Kf6 30. Nd7+ Ke7 31. Nc5 Rc8 32.
Nxb7 Rxc2 33. Rb1 e5 34. Na5 e4 35. Nb3 Kd6 36. Nd4 Rc5 37. b4 Rd5 38. Nb3 Rb5 39.
a3 Ke5 40. Kf2 f4 41. Rc1 Rb8 42. Rc5+ Kf6 43. Nd4 Rd8 44. Nc6 Rd2+ 45. Kg1 f3 46. gxf3 exf3 47. Nxa7 Rg2+ 48. Kf1 Ra2 49. Ra5 Kg6 50. b5 Kf5 51. b6+ Kf4 52. b7 Rb2 53.
Rb5 Ra2 54. b8=Q+ Ke3 55. Qe5+ Kd3 56. Rb3+ Kc4 57. Qc3+ 1-0

[Event "*** SCC Grand Prix: Titled Tuesday Blitz"]
[Site "Chess.com"]
[Date "2020.06.02"]
[Round "3"]
[White "BogdanDeac"]
[Black "olksuna"]
[Result "1/2-1/2"]
[WhiteElo "2930"]
[BlackElo "2594"]
[TimeControl "180+1"]
[EndTime "10:29:38 PDT"]
[Termination "Game drawn by agreement"]

1. d4 Nf6 2. c4 g6 3. Nc3 d5 4.
cxd5 Nxd5 5. e4 Nxc3 6. bxc3 Bg7 7.
Nf3 c5 8. Be3 Bg4 9. Rc1 Bxf3 10. gxf3 cxd4 11. cxd4 O-O 12. f4 e6 13. Bg2 Nc6 14.
e5 Qa5+ 15. Qd2 Qa6 16. Qe2 Qa5+ 17. Qd2 Qa6 18. d5 exd5 19. Bxd5 Rad8 20. Bc4 b5 21. Bd3 Bxe5 22. a4 Qb7 23. O-O Nd4 24. Bxd4 Rxd4 25. Qe3 Rxf4 26. Be2 Bb8 27. axb5 Qd5 28. Rc5 Qd6 29.
Rd1 Qf6 30. h3 Kg7 31. Rcd5 Rc8 32. Rd7 Rc3 33. R1d3 Rxd3 34. Rxd3 Rf5 35. Rd7 Rg5+ 36. Kf1 Bf4 37. Qf3 Rc5 38. Bd3 Rc1+ 39. Kg2 Qg5+ 40. Qg4 Qxg4+ 41. hxg4 Rd1 42. Bf5 Rxd7 43. Bxd7 Kf6 44.
Bc6 Bc7 45. Kf3 Kg5 46. Bd5 f6 47. Bg8 h5 48. gxh5 gxh5 49. Kg2 h4 50. f3 Kf4 51. Be6 Ke3 52. Bd7 Bg3 53. Bc8 1/2-1/2

[Event "*** SCC Grand Prix: Titled Tuesday Blitz"]
[Site "Chess.com"]
[Date "2020.06.02"]
[Round "3"]
[White "MirMan90"]
[Black "Grandmaster2B"]
[Result "1-0"]
[WhiteElo "2725"]
[BlackElo "2431"]
[TimeControl "180+1"]
[EndTime "10:29:38 PDT"]
[Termination "MirMan90 won by resignation"]

1. d4 Nf6 2. c4 e6 3. Nc3 Bb4 4. Bd2 O-O 5. e3 d5 6. Nf3 c5 7.
cxd5 exd5 8. dxc5 Bxc5 9. Rc1 a6 10. Be2 Nc6 11. O-O d4 12. Na4 dxe3 13. Nxc5 exd2 14. Qxd2 Qxd2 15. Nxd2 Nd4 16. Bd3 Ne6 17. Nde4 Nxe4 18. Bxe4 Nxc5 19. Rxc5 Re8 20. Bf3 Rb8 21. Rc7 b6 22. a3 Be6 23. h4 Rec8 24. Rfc1 g6 25. Kh2 Rxc7 26. Rxc7 Rc8 27. Ra7 Rc2 28. b4 Bc4 29. Kg3 Ra2 30. Rc7 b5 31. h5 Rxa3 32. h6 Kf8 33. Rc8+ Ke7 34. Rh8 g5 35. Rxh7 Kf6 36.
Rh8 Kg6 37. Kh2 Bd3 38. Bd5 a5 39. bxa5 Rxa5 40. g4 b4 41. Rd8 Kxh6 42. Bxf7 Bh7 43. Rb8 Ra4 44. Rb6+ Kg7 45. Bb3 Ra5 46. Rxb4 Re5 47.
Rb7+ Kh6 48. Kg3 Rc5 49. f3 Rc3 50. Bd5 Bg6 51. Rb5 Rd3 52. Kf2 Rd2+ 53. Ke3 Rd1 54.
Bc4 Re1+ 55. Kd4 Re7 56. Rb6 Rd7+ 57. Ke5 Kg7 58. Be6 Rd2 59. Rb7+ Kh6 60. Bd5 Rd3 61. Rb6 Rd2 62. Be4 Re2 63. Rxg6+ Kh7 64. Rxg5+ 1-0

[Event "*** SCC Grand Prix: Titled Tuesday Blitz"]
[Site "Chess.com"]
[Date "2020.06.02"]
[Round "3"]
[White "BabyFacedAssasin"]
[Black "Alopekos"]
[Result "1-0"]
[WhiteElo "2324"]
[BlackElo "2502"]
[TimeControl "180+1"]
[EndTime "10:29:38 PDT"]
[Termination "BabyFacedAssasin won on time"]

1. e4 c5 2. Nf3 e6 3. d4 cxd4 4. Nxd4 Nc6 5. Nc3 Qc7 6. g3 h5 7. Ndb5 Qb8 8. Bf4 e5 9. Be3 a6 10. Na3 b5 11. Nd5 Qb7 12. Be2 h4 13. O-O d6 14. c4 b4 15. Nc2 Bh3 16. Re1 hxg3 17. fxg3 a5 18. Bg4 Bxg4 19. Qxg4 Qc8 20. Qe2 Rb8 21.
Rad1 Nh6 22. Bb6 Rb7 23. c5 dxc5 24. Qb5 f6 25. Nce3 Kf7 26. Nc4 Nd4 27. Rxd4 cxd4 28. Qa6 Kg6 29. Rf1 d3 30. Nce3 Ng4 31. Nxg4 Rxb6 32. Qxb6 Bc5+ 33. Kg2 Bxb6 34. Ne7+ Kf7 35. Nxc8 Rxc8 36. Rd1 Rc2+ 37. Kf3 d2 38. Ke2 Rxb2 39. Rxd2 Rxd2+ 40. Kxd2 Ke6 41. Kd3 Kd6 42. Kc4 Kc6 43. h4 Ba7 44. h5 Bb6 45. Nxf6 Bd8 46. Ng8 Kd6 47. g4 Bg5 48. Kb5 1-0

[Event "*** SCC Grand Prix: Titled Tuesday Blitz"]
[Site "Chess.com"]
[Date "2020.06.02"]
[Round "3"]
[White "MYMChessAcademy"]
[Black "aisha_zakirova"]
[Result "1-0"]
[WhiteElo "2457"]
[BlackElo "1970"]
[TimeControl "180+1"]
[EndTime "10:29:38 PDT"]
[Termination "MYMChessAcademy won by resignation"]

1. e4 c5 2. Ne2 Nf6 3. Nbc3 d6 4. g3 Nc6 5. Bg2 g6 6. O-O Bg7 7. d3 O-O 8. h3 Rb8 9. f4 Bd7 10. g4 Ne8 11. f5 e6 12. Ng3 Nd4 13. Be3 exf5 14.
gxf5 Qh4 15. Bf2 Qg5 16. Nd5 Be5 17. c3 Nxf5 18. exf5 Bxg3 19. Be3 Qh4 20. Qg4 Qxg4 21. hxg4 Be5 22. d4 cxd4 23. cxd4 Bg3 24. Bh6 Bh4 25. f6 Bxg4 26. Ne7+ Kh8 27. Bxf8 Nxf6 28. Bh6 Nh5 29. Nd5 Ng3 30. Rf4 Ne2+ 31. Kh2 Nxf4 32.
Bxf4 f5 33. Bxd6 Rd8 34. Be5+ Kg8 35. Rc1 Bf2 36. Rc7 f4 37. Rg7+ Kf8 38. Rxh7 Bg3+ 39. Kg1 f3 40. Rh8+ Kf7 41. Rxd8 fxg2 42. Kxg2 Bxe5 43.
dxe5 Be6 44. Rd6 g5 45. Ne3 g4 46. b3 a6 47. Kg3 Ke7 48. Nxg4 1-0

[Event "*** SCC Grand Prix: Titled Tuesday Blitz"]
[Site "Chess.com"]
[Date "2020.06.02"]
[Round "3"]
[White "LileKoridze"]
[Black "Sanyura"]
[Result "0-1"]
[WhiteElo "2309"]
[BlackElo "2521"]
[TimeControl "180+1"]
[EndTime "10:29:39 PDT"]
[Termination "Sanyura won by checkmate"]

1. d4 Nf6 2. c4 c5 3. d5 b5 4. cxb5 a6 5. bxa6 e6 6. Nc3 exd5 7. Nxd5 Be7 8. g3 O-O 9. Bg2 Rxa6 10. Nf3 Nxd5 11.
Qxd5 Nc6 12. O-O Nb4 13. Qd1 Rd6 14. Qb3 Ba6 15. a3 Nc6 16. Bf4 Re6 17. Rfe1 d5 18. Qc2 d4 19. Nd2 d3 20. exd3 Nd4 21. Qd1 Bxd3 22. Rxe6 fxe6 23. Be3 Nc2 24. Rc1 Nxe3 25. fxe3 Bg5 26. Qe1 Qb6 27. Nf3 Bf6 28. b4 c4 29.
Kh1 e5 30. Nd2 Qe6 31. Bf1 e4 32. Bxd3 cxd3 33. Qd1 Bg5 34. Rc4 Bxe3 35. Rxe4 Qd5 36. Qb3 Rf1+ 37. Kg2 Rf2+ 38. Kh3 Qxb3 39. Nxb3 Bb6 40.
Re8+ Kf7 41. Rb8 Be3 42. Rd8 d2 43. Rd3 Bb6 44. Rxd2 Rf3 45. Nd4 Rxa3 46. Nc6 Rb3 47. Rd7+ Ke6 48. Rb7 Bg1 49. b5 Rb2 50. Nd8+ Kf5 51.
Rxg7 Rxh2# 0-1

[Event "*** SCC Grand Prix: Titled Tuesday Blitz"]
[Site "Chess.com"]
[Date "2020.06.02"]
[Round "3"]
[White "m-garcett"]
[Black "CrazyMartian"]
[Result "0-1"]
[WhiteElo "2046"]
[BlackElo "2299"]
[TimeControl "180+1"]
[EndTime "10:29:39 PDT"]
[Termination "CrazyMartian won on time"]

1. e4 c5 2. Nf3 d6 3. d4 cxd4 4. Nxd4 Nf6 5. Nc3 a6 6. Bg5 e6 7.
f4 Be7 8. Qf3 h6 9. Bh4 Qc7 10.
O-O-O Nbd7 11. g4 g5 12. e5 gxh4 13. exf6 Nxf6 14. g5 hxg5 15. fxg5 Nh5 16. Rg1 Bd7 17. g6 fxg6 18. Rxg6 O-O-O 19. Nxe6 Bxe6 20. Rxe6 Bg5+ 21. Kb1 Nf4 22. Nd5 Nxd5 23. Qxd5 Bf4 24. Qf5 Qd7 25. Bh3 Rhf8 26. Qe4 Kb8 27. Re7 Qc6 28. Qe2 Be5 29. Bg2 Qb6 30. Rxb7+ Qxb7 31. Bxb7 Kxb7 32. Qe4+ Ka7 33.
Qxh4 Rb8 34. Qe7+ Ka8 35. b3 Rfc8 36. Qe6 Rc7 37. Qd5+ Rcb7 38. c4 Ka7 39. c5 Rb5 40. Qf7+ R8b7 41. Qf5 Rxc5 42. Rc1 Rcb5 43. Qf2+ R5b6 44.
Rc6 a5 45. Rxb6 Rxb6 46. h4 a4 47. Kc2 axb3+ 48. axb3 Kb7 49. h5 Rc6+ 50. Kd3 Rc3+ 0-1

[Event "*** SCC Grand Prix: Titled Tuesday Blitz"]
[Site "Chess.com"]
[Date "2020.06.02"]
[Round "3"]
[White "RaunakSadhwani2005"]
[Black "GM_LOADING"]
[Result "1-0"]
[WhiteElo "2879"]
[BlackElo "2447"]
[TimeControl "180+1"]
[EndTime "10:29:41 PDT"]
[Termination "RaunakSadhwani2005 won on time"]

1. e4 e5 2. Nf3 Nc6 3. Bc4 Nf6 4. d3 h6 5. c3 d6 6. Nbd2 g6 7. Nf1 Bg7 8. Ng3 O-O 9. O-O Na5 10. Bb5 a6 11. Ba4 b5 12. Bc2 c5 13. d4 cxd4 14.
cxd4 exd4 15. Nxd4 Bb7 16. Re1 Rc8 17. b3 Re8 18. Bb2 h5 19. Ndf5 gxf5 20. Nxf5 Rxc2 21. Qxc2 Bxe4 22. Rxe4 Rxe4 23. Nxg7 Qe7 24. Qd2 Kxg7 25. Qxa5 Kg6 26. Qc3 Qe5 27. Qc2 Qf5 28. Rf1 Re6 29. Qd1 Ng4 30. h3 Ne5 31. Qd4 f6 32.
Rd1 Qg5 33. Kh2 Qf5 34. f4 Nd7 35. Qd2 Nc5 36. Bd4 Ne4 37. Qe3 d5 38. Rc1 h4 39.
Rc8 Nd6 40. Qc1 Nxc8 41. Qxc8 Qxf4+ 42. Kh1 Re1+ 43. Bg1 Qd4 44. Qg8+ Kf5 45. Qh7+ Kg5 46.
Qg7+ Kf5 47. Qd7+ Kg6 48. Qe8+ Rxe8 49. Bxd4 Re2 50. Kh2 Rxa2 51. Bc5 Rb2 52. b4 Ra2 53. Be7 a5 54. Kg1 1-0

[Event "*** SCC Grand Prix: Titled Tuesday Blitz"]
[Site "Chess.com"]
[Date "2020.06.02"]
[Round "3"]
[White "dpopadic"]
[Black "Panterov"]
[Result "1/2-1/2"]
[WhiteElo "2322"]
[BlackElo "2121"]
[TimeControl "180+1"]
[EndTime "10:29:41 PDT"]
[Termination "Game drawn by stalemate"]

1. e4 d6 2. Nc3 g6 3. f4 Bg7 4.
Nf3 c5 5. Bc4 Nc6 6. d3 Nf6 7.
h3 O-O 8. O-O a6 9. a4 Nd4 10.
Nxd4 cxd4 11. Nd5 Nxd5 12. Bxd5 e6 13. Bb3 Bd7 14. Bd2 b5 15. axb5 axb5 16. Qf3 Bc6 17. Qg3 d5 18. e5 Rxa1 19. Rxa1 f6 20. exf6 Qxf6 21. Re1 Bh6 22. Qg4 Bd7 23. Bxd5 Bxf4 24.
Bxf4 exd5 25. Qxd7 Qxf4 26. Qe6+ Kg7 27. Qe5+ Qxe5 28.
Rxe5 Rc8 29. Rxd5 Rxc2 30. Rxb5 Rd2 31. Rb3 Kf6 32. Kh2 Kf5 33. Kg3 h5 34. Kf3 h4 35.
Rb5+ Kf6 36. Rb3 Kf5 37. g3 hxg3 38. Kxg3 g5 39. Kf3 Ke5 40. Rb5+ Kf6 41. Ke4 Rh2 42. Rb6+ Kg7 43. Kxd4 Rxh3 44. Ke4 g4 45. Rd6 g3 46.
Kf3 Kf7 47. Kg2 Rh2+ 48. Kxg3 Rxb2 49. Kf3 Ke7 50. Ra6 Rb4 51. Ke3 Rh4 52. d4 Kd7 53. Kd3 Kc7 54. Kc4 Rh1 55. Kc5 Rc1+ 56. Kd5 Rd1 57.
Ra7+ Kd8 58. Kc5 Rh1 59. d5 Rh6 60. Rg7 Kc8 61. Ra7 Kd8 62. Rg7 Kc8 63. Rg5 Kd7 64. Re5 Kc7 65. Re7+ Kd8 66. Ra7 Rg6 67. Rh7 Rf6 68. Rh4 Rg6 69. Re4 Rf6 70. Re6 Rxe6 71. dxe6 Ke7 72. Kd5 Ke8 73. Ke5 Ke7 74. Kf5 Ke8 75.
Kf6 Kf8 76. e7+ Ke8 77. Ke6 1/2-1/2

[Event "*** SCC Grand Prix: Titled Tuesday Blitz"]
[Site "Chess.com"]
[Date "2020.06.02"]
[Round "3"]
[White "iaraldinho"]
[Black "MasterKroket"]
[Result "0-1"]
[WhiteElo "2636"]
[BlackElo "2428"]
[TimeControl "180+1"]
[EndTime "10:29:42 PDT"]
[Termination "MasterKroket won by checkmate"]

1. e4 c5 2. Nf3 e6 3. d4 cxd4 4. Nxd4 Nc6 5. Nc3 Qc7 6. Be2 a6 7. O-O Nf6 8. Be3 Bb4 9. Na4 O-O 10. Nxc6 bxc6 11. Nb6 Rb8 12. Nxc8 Rfxc8 13. Bxa6 Rf8 14.
Bd3 Bd6 15. h3 Rxb2 16. Qc1 Rfb8 17. a4 c5 18. a5 c4 19. Bb6 R2xb6 20. axb6 Rxb6 21.
Ra8+ Bf8 22. Be2 Nxe4 23. Qa3 Nc5 24. Bxc4 d5 25. Ba2 g6 26. Rb1 Kg7 27. Rxb6 Qxb6 28.
g3 Bd6 29. Qc3+ f6 30. Qa5 Qb2 31. Qd8 Ne4 32. Ra7+ Kh6 33. Qg8 Qc1+ 34. Kg2 Nxg3 35. Qxh7+ Kg5 36. h4+ Kf5 37. fxg3 Qd2+ 38. Kh3 Qe3 39. Ra3 Qxa3 40. c3 Qxa2 41. h5 Qf2 42. Qxg6+ Ke5 43. h6 Qf1+ 44. Kg4 Qe2+ 45. Kh3 Qf1+ 46.
Kh2 Bc5 47. Qh5+ Kd6 48. Qg6 Bg1+ 49. Kh1 Bf2+ 50. Kh2 Qg1+ 51. Kh3 f5 52. Kh4 Be3 53. h7 Qh1# 0-1

[Event "*** SCC Grand Prix: Titled Tuesday Blitz"]
[Site "Chess.com"]
[Date "2020.06.02"]
[Round "3"]
[White "gmcorrales"]
[Black "ehrenfeld"]
[Result "1-0"]
[WhiteElo "2759"]
[BlackElo "2435"]
[TimeControl "180+1"]
[EndTime "10:29:43 PDT"]
[Termination "gmcorrales won on time"]

1. e4 e5 2. Nf3 Nc6 3. d4 exd4 4. Nxd4 Bc5 5. Nb3 Bb6 6. Nc3 d6 7. Qe2 Nge7 8. Be3 O-O 9. O-O-O f5 10. f4 fxe4 11.
Bxb6 axb6 12. Qxe4 Nf5 13. g4 Re8 14. Qd5+ Be6 15.
Qd2 Ne3 16. Qxe3 Bxb3 17. Qd2 Bf7 18. a3 Kh8 19. Bb5 Qh4 20. h3 h6 21. Rde1 Rxe1+ 22. Qxe1 Qxe1+ 23. Rxe1 Kg8 24. Bxc6 bxc6 25. Re7 Rc8 26. b4 Kf8 27. Re3 Re8 28. Rxe8+ Kxe8 29. a4 c5 30. bxc5 dxc5 31. Kd2 Kd7 32. Ke3 Kd6 33. h4 Be8 34. f5 Ke5 35. Nb5 Bd7 36. h5 Bc6 37. c3 Bd7 38. Nxc7 Bxa4 39. Kf2 Bd1 40. Kg3 Be2 41. Ne6 Kf6 42. Kf4 Bd1 43. Nf8 Kf7 44. Nd7 b5 45. Nxc5 Kf6 46. Ne4+ Ke7 47. Nf2 Be2 48.
Ne4 Bd1 49. Nc5 Be2 50. Ne6 Kf7 51. Nc7 Kf6 52. Na6 Kf7 53. Nb4 Kf6 54. Nc2 Kf7 55. Nd4 Bc4 56. g5 1-0

[Event "*** SCC Grand Prix: Titled Tuesday Blitz"]
[Site "Chess.com"]
[Date "2020.06.02"]
[Round "3"]
[White "MF1966Idrisov"]
[Black "Mikhail_Golubev"]
[Result "0-1"]
[WhiteElo "2355"]
[BlackElo "2553"]
[TimeControl "180+1"]
[EndTime "10:29:43 PDT"]
[Termination "Mikhail_Golubev won on time"]

1. Nf3 d6 2. d4 Nf6 3. b3 g6 4. Bb2 Bg7 5. g3 c5 6. Bg2 cxd4 7.
Nxd4 O-O 8. O-O d5 9. c4 e5 10.
Nf3 e4 11. Nd4 dxc4 12. bxc4 e3 13. fxe3 Qe7 14. Qb3 Ng4 15. Rf3 Nd7 16. h3 Nc5 17.
Qa3 Ne5 18. Nd2 Nxf3+ 19. exf3 b6 20. Re1 Bb7 21. N2b3 Rfd8 22. Re2 a6 23. Nxc5 bxc5 24. Nb3 Rd1+ 25. Kf2 Bxb2 26. Qxb2 Re8 27. Nd2 Bc6 28. Qc2 Ra1 29. Nb3 Ba4 30. Qb2 Rd1 31. Nd2 Rd8 32. Ne4 f5 33. Nf6+ Kf7 34. Nxh7 R1d6 35. h4 Kg8 36. Ng5 Re8 37. f4 Bc6 38. Bxc6 Rxc6 39. Qc3 Rd6 40. Rd2 Rxd2+ 41. Qxd2 Qf6 42. Qd5+ Kg7 43. Qxc5 Qb2+ 44. Kf3 Kh6 45. Qc7 Qg7 46. Nf7+ Kh7 47. Ng5+ Kh6 48. Nf7+ Kh7 49. Ng5+ Kh8 50. Nf7+ Kg8 0-1

[Event "*** SCC Grand Prix: Titled Tuesday Blitz"]
[Site "Chess.com"]
[Date "2020.06.02"]
[Round "3"]
[White "arminmusovic"]
[Black "rakshi2005"]
[Result "1-0"]
[WhiteElo "2531"]
[BlackElo "2335"]
[TimeControl "180+1"]
[EndTime "10:29:43 PDT"]
[Termination "arminmusovic won by checkmate"]

1. a3 e5 2. Nc3 d6 3. d4 Nd7 4.
dxe5 dxe5 5. e4 g6 6. h4 Bg7 7. h5 Ne7 8. Bg5 h6 9. Be3 g5 10. Bc4 O-O 11. Nf3 Kh8 12. Qe2 f5 13.
exf5 Nxf5 14. O-O-O c6 15. Bc5 Re8 16. Bf7 b6 17.
Bxe8 Qxe8 18. Bd6 a5 19. Rhe1 Nxd6 20. Rxd6 b5 21. Rxc6 Bb7 22. Rg6 b4 23. Nb1 e4 24.
Nfd2 bxa3 25. Nxa3 Qe5 26. Ndc4 Qf4+ 27. Qe3 Qf7 28. Rd1 Rb8 29. Rxg7 Qxg7 30. Qa7 Qe7 31.
Rxd7 Qxd7 32. Qxb8+ Kh7 33. Qd6 Qf7 34. Qg6+ Qxg6 35.
hxg6+ Kxg6 36. Kd2 e3+ 37. Nxe3 Kf6 38. g3 Ke5 39. Nac4+ Kd4 40. Nxa5 Be4 41. c3+ Kc5 42. Nb3+ Kb5 43. Nd4+ Ka4 44. Nef5 g4 45. Ke3 Bd5 46.
Nxh6 Bf7 47. Nxf7 Ka5 48. Nh6 Ka4 49. Nxg4 Ka5 50. Ne5 Ka4 51. Nd3 Ka5 52. g4 Ka4 53. g5 Ka5 54. g6 Ka4 55. g7 Ka5 56. f4 Ka4 57. f5 Ka5 58. f6 Ka4 59. f7 Ka5 60. b3 Kb6 61. b4 Ka6 62. Ke4 Kb7 63.
c4 Kc7 64. Ke5 Kd7 65. Kf6 Kc7 66. Ke7 Kb6 67. Kd6 Ka7 68. b5 Kb6 69. Nb3 Kb7 70. c5 Ka7 71. Kc6 Kb8 72. b6 Ka8 73. f8=Q# 1-0

[Event "*** SCC Grand Prix: Titled Tuesday Blitz"]
[Site "Chess.com"]
[Date "2020.06.02"]
[Round "3"]
[White "GMaka"]
[Black "Bastiandash"]
[Result "0-1"]
[WhiteElo "2343"]
[BlackElo "2118"]
[TimeControl "180+1"]
[EndTime "10:29:43 PDT"]
[Termination "Bastiandash won by checkmate"]

1. d4 Nf6 2. Bg5 e6 3. e4 h6 4. Bxf6 Qxf6 5. Nc3 d6 6. Qd2 Nc6 7. O-O-O g5 8. Bb5 Bd7 9. d5 Ne5 10. Nf3 Nxf3 11. gxf3 Qxf3 12. Bxd7+ Kxd7 13. e5 Qf4 14. dxe6+ fxe6 15. Qxf4 gxf4 16. Ne4 b6 17. Rhg1 Kc6 18. Rg6 Re8 19. Nf6 Re7 20. exd6 cxd6 21. f3 Bg7 22. Nh5 Be5 23. Rdg1 b5 24. R1g4 Kd5 25.
Nxf4+ Bxf4+ 26. Rxf4 e5 27. Rff6 Rd7 28. Rxh6 Rxh6 29.
Rxh6 Rf7 30. Rh3 Kd4 31. Kd2 d5 32. Rg3 Rh7 33. c3+ Kc4 34. h3 b4 35. b3+ Kc5 36. Kc2 bxc3 37. Kxc3 Rh4 38. a3 a5 39. Kd3 Kb5 40. Kc3 Kc5 41. Kd3 Kb5 42. Kc2 Kc5 43. Kc3 Kb5 44. Rg5 Rxh3 45. Rxe5 Rxf3+ 46. Kc2 Kc5 47.
Re8 Kd4 48. Ra8 Rf2+ 49. Kd1 Kd3 50. Kc1 Kc3 51. b4 Rf1# 0-1

[Event "*** SCC Grand Prix: Titled Tuesday Blitz"]
[Site "Chess.com"]
[Date "2020.06.02"]
[Round "3"]
[White "queen_iryna"]
[Black "pfalcon1949"]
[Result "0-1"]
[WhiteElo "2272"]
[BlackElo "2024"]
[TimeControl "180+1"]
[EndTime "10:29:43 PDT"]
[Termination "pfalcon1949 won on time"]

1. d4 Nf6 2. Bg5 Ne4 3. Bf4 d5 4. f3 Nf6 5. Nc3 e6 6. e4 Bb4 7.
e5 Nfd7 8. Be3 c5 9. f4 b6 10. Nf3 Nc6 11. Bb5 Ne7 12. O-O Bxc3 13. bxc3 c4 14.
Kh1 a6 15. Bxd7+ Bxd7 16. Bf2 Ng6 17. Bg3 h5 18. Qd2 h4 19. Bf2 Qe7 20. a4 Rb8 21.
h3 Rh5 22. Nh2 Rf5 23. Be3 f6 24. Ng4 Bc6 25. Bg1 Kd7 26. exf6 gxf6 27. Nh6 Rh5 28. f5 Nf8 29. fxe6+ Nxe6 30. Nf5 Qh7 31. Ne3 Rg8 32. Rxf6 Qe4 33. Raf1 Kc8 34. Ng4 Bxa4 35. Nf2 Qxc2 36. Qxc2 Bxc2 37. Rxe6 Bf5 38. Re4 Bxe4 39. Nxe4 dxe4 40. Re1 Rhg5 41. Re2 Rg3 42. Bh2 Rxc3 43.
Rxe4 Rc1+ 44. Bg1 Rc2 45. Rxh4 Rgxg2 46. Rh8+ Kc7 47. Rh7+ Kc6 48. Rh6+ Kb5 49. d5 Rgd2 50. Rxb6+ Ka5 51. d6 Rc1 52. Rc6 Rdd1 53. Kh2 Rxg1 54. Rc7 Rgd1 0-1